cohdb
Replays
Latest Replays
All Replays
Popular Replays
Top Player Replays
Match Explorer
How It Works
Community
CoH3 Stats
Reddit
Sign in to upload your games and track your stats! →
Sign in with Steam
Match 45269016
Unlisted
Match 45269016
Overview
Messages
Build Orders
End
Scout Squad
Selects Armored Battlegroup
Construct Weapon Support Center
Scout Squad
M1919 Machine Gun Team
M1919 Machine Gun Team
Mechanized Support Center
M3 Armored Personnel Carrier
Selects Veteran Crews
Selects M31 Recovery Vehicle
Sniper
Construct Medical Station
M3 Armored Personnel Carrier
M1919 Machine Gun Team
ConcernedApe
badiba
Engine1000
Meder
0
0
Comments
sign in to comment!
No comments posted yet!